Map: Odyssey LE

Players

Namshar - Winner!

  • Race: Zerg Zerg
  • Spawn Location: 5:00

Botvinnik

  • Race: Terran Terran
  • Spawn Location: 11:00

Event: WCS Valencia 2017

VOD

Have the link to the VOD?

Description

Time

  • Played on: July 13, 2017, 7:50 a.m.
  • Length: 30:08

All games in this series

Show
View Real Time Build Order
Export as new Build Order

Namshar Zerg - Winner!

Build Orders: Pool First 

Get SALT Encoding   

  12  0:00  Drone  
  13  0:12  Overlord  
  13  0:16  Drone  
  14  0:30  Drone x2  
  14  0:34  Drone  
  17  0:44  Extractor  
  17  0:45  Drone  
  17  0:50  Spawning Pool  
  17  0:55  Drone  
  17  1:06  Drone  
  18  1:19  Hatchery  
  18  1:20  Drone  
  18  1:27  Drone  
  19  1:37  Queen  
  21  1:43  Metabolic Boost  
  21  1:49  Overlord  
  21  1:55  Zergling x2  
  22  2:12  Queen  
  22  2:14  Drone x2  
  26  2:25  Drone  
  27  2:30  Queen  
  27  2:31  Drone  
  27  2:37  Zergling x2  
  31  2:42  Overlord  
  31  2:49  Drone x2  
  31  2:50  Drone x2  
  35  2:55  Overlord  
  35  3:09  Zergling x2  
  35  3:10  Drone  
  35  3:12  Hatchery  
  36  3:16  Drone x2  
  38  3:24  Drone x3  
  38  3:25  Zergling x2  
  42  3:28  Zergling x2  
  42  3:30  Drone  
  42  3:32  Drone  
  45  3:39  Queen  
  47  3:42  Zergling x2  
  47  3:44  Drone  
  49  3:51  Overlord  
  49  3:52  Overlord  
  49  4:00  Drone  
  49  4:01  Drone x2  
  51  4:04  Roach Warren  
  51  4:05  Zergling x4  
  51  4:15  Extractor, Queen, Drone  
  53  4:17  Extractor  
  53  4:19  Lair  
  53  4:23  Drone  
  53  4:24  Drone  
  53  4:25  Drone x3  
  53  4:27  Queen  
  59  4:35  Drone x3  
  62  4:39  Evolution Chamber  
  62  4:41  Spore Crawler  
  62  4:43  Spore Crawler  
  58  4:59  Drone  
  59  5:00  Drone  
  59  5:01  Drone x4  
  59  5:03  Roach  
  59  5:04  Roach x3  
  72  5:07  Spore Crawler, Drone  
  69  5:23  Evolution Chamber  
  67  5:29  Drone x7  
  67  5:34  Overlord  
  67  5:35  Overlord x2  
  74  5:36  Glial Reconstitution  
  74  5:37  Zerg Ground Armor Level 1  
  74  5:53  Overlord  
  74  5:54  Drone  
  74  5:55  Extractor, Drone x2  
  74  5:56  Drone  
  77  5:58  Overseer  
  77  5:59  Drone x4  
  77  6:01  Drone x3  
  77  6:02  Drone  
  77  6:03  Drone  
  85  6:04  Drone  
  86  6:13  Drone  
  86  6:14  Extractor  
  86  6:15  Extractor  
  86  6:16  Drone  
  86  6:19  Infestation Pit  
  86  6:21  Burrow, Overlord x2  
  86  6:22  Overseer  
  85  6:29  Roach x5  
  95  6:37  Drone x3  
  95  6:39  Overlord x3  
  98  6:40  Drone  
  98  6:41  Drone  
  98  6:44  Drone  
  101  6:48  Drone  
  101  6:49  Drone  
  103  7:02  Infestor, Hatchery  
  103  7:04  Hive, Infestor  
  103  7:05  Infestor  
  108  7:09  Roach x3  
  114  7:16  Roach  
  114  7:17  Roach x3  
  122  7:28  Roach x2  
  122  7:29  Roach x3  
  132  7:35  Spore Crawler  
  130  7:39  Overlord x3  
  130  7:40  Overlord x2  
  130  7:52  Roach x3  
  135  8:04  Drone  
  135  8:05  Drone x8  
  138  8:08  Zerg Ground Armor Level 2  
  138  8:09  Extractor  
  138  8:10  Drone  
  140  8:14  Evolution Chamber  
  139  8:21  Roach x5  
  149  8:30  Roach x3  
  149  8:31  Roach  
  149  8:33  Queen  
  158  8:34  Ravager x4  
  158  8:35  Ravager x2  
  158  8:36  Ravager x2  
  158  8:37  Overlord x2  
  158  8:38  Overlord x2  
  158  8:40  Drone  
  166  8:41  Zerg Melee Weapons Level 1  
  166  8:46  Roach x4  
  174  9:01  Drone x4  
  174  9:02  Drone x2  
  175  9:05  Queen x2  
  175  9:07  Drone x2  
  175  9:08  Ultralisk Cavern  
  180  9:10  Spore Crawler, Drone  
  180  9:19  Drone x2  
  182  9:41  Queen  
  173  9:48  Roach  
  173  9:49  Roach x7  
  173  9:50  Zergling x16  
  181  10:02  Roach x6  
  181  10:07  Roach x3  
  177  10:14  Chitinous Plating, Roach x4  
  181  10:18  Roach  
  181  10:21  Queen  
  183  10:26  Overlord  
  183  10:27  Overlord x3  
  183  10:40  Zerg Melee Weapons Level 2  
  183  10:41  Zerg Ground Armor Level 3, Pathogen Glands  
  183  10:47  Hatchery  
  182  10:51  Spore Crawler  
  182  10:52  Hatchery  
  182  10:53  Ravager  
  182  10:56  Extractor  
  173  11:06  Infestor x3  
  173  11:07  Ravager  
  173  11:08  Ravager x4  
  173  11:09  Zergling x14  
  191  11:17  Ravager x2  
  194  11:18  Zergling x8  
  194  11:19  Zergling x4  
  197  11:27  Ravager x2  
  163  12:02  Extractor x2  
  144  12:09  Roach x9  
  130  12:31  Infestor  
  130  12:35  Queen  
  130  12:36  Ultralisk x3  
  150  12:37  Extractor  
  150  12:40  Drone  
  150  12:41  Queen, Drone x2  
  154  12:48  Hatchery  
  154  12:50  Drone x6  
  159  12:55  Ravager  
  159  12:56  Ravager x2  
  159  12:57  Zergling x6  
  159  12:58  Zergling x8  
  169  13:01  Queen x2  
  173  13:10  Queen  
  175  13:17  Drone x2  
  175  13:18  Adrenal Glands  
  177  13:25  Spore Crawler, Drone x3, Spine Crawler x2  
  177  13:26  Spine Crawler  
  176  13:28  Drone x3  
  176  13:29  Drone  
  176  13:33  Zerg Melee Weapons Level 3  
  176  13:34  Zerg Missile Weapons Level 1  
  180  13:35  Spore Crawler  
  179  13:45  Ultralisk x2  
  191  13:53  Hatchery  
  190  14:09  Ravager x8  
  194  14:19  Infestor  
  178  14:38  Lair  
  165  14:46  Ultralisk x2  
  165  14:47  Spawning Pool  
  172  15:00  Ultralisk x2, Zergling x2  
  172  15:01  Zergling x14  
  183  15:20  Infestor x2  
  169  15:29  Infestor  
  171  15:36  Extractor, Queen  
  171  15:37  Queen x2  
  171  15:42  Hatchery  
  175  15:50  Roach  
  175  15:51  Spine Crawler  
  175  15:52  Infestor  
  175  15:54  Infestor  
  178  15:58  Hatchery  
  177  16:07  Ravager x2  
  177  16:10  Ravager  
  179  16:12  Queen  
  179  16:16  Queen  
  184  16:22  Hive  
  181  16:43  Zerg Missile Weapons Level 2  
  181  16:51  Spire  
  167  17:09  Roach  
  167  17:10  Roach x3  
  167  17:11  Zergling x32  
  167  17:12  Zergling x2  
  188  17:30  Infestor  
  190  17:41  Ultralisk  
  196  17:44  Baneling Nest  
  181  18:23  Ultralisk x2  
  181  18:25  Extractor  
  181  18:26  Extractor  
  137  18:46  Ultralisk x2  
  137  18:47  Roach x4  
  137  18:48  Zergling x2, Roach x2  
  152  18:49  Zergling x14  
  160  18:57  Queen  
  160  18:58  Greater Spire  
  162  19:03  Infestor x3  
  162  19:15  Hatchery  
  161  19:17  Spore Crawler  
  161  19:20  Ravager  
  161  19:21  Ravager, Spine Crawler  
  161  19:22  Spine Crawler x2  
  159  19:29  Zergling x18  
  168  19:37  Hatchery  
  165  19:46  Ultralisk, Zergling x18  
  165  19:51  Queen  
  145  20:29  Ultralisk  
  145  20:30  Zergling x16  
  145  20:31  Zergling x16  
  164  20:52  Spore Crawler  
  164  20:54  Corruptor  
  164  20:55  Corruptor x2  
  169  20:57  Extractor  
  169  20:59  Extractor x2  
  166  21:05  Pneumatized Carapace  
  166  21:06  Queen  
  168  21:13  Drone x3  
  171  21:24  Corruptor  
  173  21:47  Ultralisk, Zergling x20  
  187  21:56  Drone x8  
  187  21:59  Drone  
  187  22:00  Drone  
  197  22:02  Drone  
  197  22:03  Drone  
  196  22:09  Drone x2  
  198  22:17  Corruptor  
  188  22:57  Drone  
  188  22:58  Drone x5  
  159  23:14  Corruptor x6  
  159  23:15  Corruptor x2  
  159  23:18  Drone x2  
  158  23:20  Drone  
  158  23:21  Drone  
  160  23:35  Ravager x4  
  160  23:37  Corruptor  
  166  23:47  Corruptor  
  164  23:53  Drone x2  
  164  23:54  Drone x2  
  168  24:03  Queen  
  170  24:10  Zerg Flyer Weapons Level 1  
  170  24:11  Centrifical Hooks  
  170  24:22  Roach x2  
  170  24:23  Roach x2  
  178  24:24  Zergling x14  
  178  24:25  Zergling x16  
  191  24:52  Corruptor  
  191  24:53  Corruptor x3  
  199  25:08  Baneling x5  
  199  25:09  Baneling x7  
  197  25:36  Extractor  
  197  25:41  Drone x3  
  197  25:42  Drone  
  200  25:59  Baneling x8  
  200  26:01  Baneling x4  
  199  26:07  Hatchery  
  197  26:41  Zerg Flyer Weapons Level 2  
  192  27:25  Extractor  
  192  27:26  Extractor x2  
  187  27:39  Ultralisk x2  
  187  27:41  Hatchery  
  187  27:43  Queen  
  200  28:00  Hatchery  
  192  28:32  Ravager x3  
  192  28:33  Ravager  
  196  28:39  Queen  
  186  29:00  Brood Lord x6  
  198  29:07  Brood Lord x2  
  198  29:08  Brood Lord x3  
Show
View Real Time Build Order
Export as new Build Order

Botvinnik Terran 

Build Orders: MMM Bio, Banshee Rush 

Get SALT Encoding   

  12  0:01  SCV  
  13  0:13  SCV  
  14  0:16  Supply Depot  
  14  0:25  SCV  
  15  0:35  Refinery  
  15  0:38  SCV  
  16  0:44  Barracks  
  16  0:50  SCV  
  17  1:03  SCV  
  18  1:15  SCV  
  21  1:32  Reaper  
  21  1:33  Orbital Command  
  20  1:41  Command Center  
  20  1:55  Factory  
  20  1:59  SCV  
  21  2:03  Supply Depot  
  21  2:12  SCV  
  21  2:14  Barracks Reactor  
  21  2:15  Refinery  
  22  2:24  SCV  
  23  2:36  SCV  
  24  2:44  Starport  
  24  2:52  SCV  
  24  2:53  Orbital Command  
  24  2:57  Barracks Tech Lab  
  25  3:00  Hellion x2  
  25  3:04  SCV  
  29  3:17  SCV  
  30  3:20  SCV  
  31  3:28  Hellion x2  
  31  3:29  Supply Depot  
  31  3:30  SCV  
  31  3:32  SCV  
  37  3:36  Cloaking Field  
  37  3:37  Banshee  
  37  3:39  Barracks Tech Lab  
  40  3:45  SCV x2  
  42  3:52  Supply Depot  
  42  3:57  SCV x2  
  44  4:09  SCV  
  46  4:10  SCV  
  46  4:12  Command Center  
  46  4:14  Hellion  
  48  4:19  Supply Depot  
  48  4:22  SCV x2  
  50  4:24  Banshee  
  53  4:34  SCV x2  
  55  4:40  Stimpack  
  55  4:47  Factory Reactor  
  55  4:53  SCV x2  
  55  4:59  Barracks  
  57  5:03  Marine, Barracks  
  57  5:06  SCV x2  
  60  5:08  Engineering Bay  
  60  5:10  Engineering Bay  
  54  5:22  SCV x2  
  54  5:24  Marine  
  49  5:30  Orbital Command  
  49  5:33  Refinery x2  
  49  5:34  Siege Tank, SCV x2, Starport Reactor  
  54  5:36  Terran Infantry Armor Level 1, Barracks, Terran Infantry Weapons Level 1  
  54  5:37  Barracks  
  54  5:42  Supply Depot  
  54  5:44  Marine  
  54  5:46  SCV x2  
  57  5:52  Marine x2  
  59  5:58  SCV  
  59  6:04  Marine x2  
  61  6:05  Orbital Command  
  61  6:07  SCV  
  61  6:10  SCV, Marine  
  61  6:11  Marine x2  
  66  6:13  Medivac x2  
  71  6:20  Supply Depot  
  71  6:23  SCV x2, Marine, Supply Depot  
  71  6:24  Marine  
  75  6:25  Barracks Reactor  
  74  6:33  SCV  
  74  6:35  SCV  
  74  6:38  Barracks Reactor, Supply Depot  
  74  6:39  Marine, Supply Depot  
  77  6:41  Marine  
  77  6:42  Marine  
  77  6:43  Marine  
  77  6:44  Marine  
  81  6:50  SCV x2  
  81  6:51  SCV, Armory  
  81  6:54  Siege Tank  
  87  7:01  Marine x2  
  87  7:02  Marine x5  
  87  7:04  Combat Shields  
  94  7:08  SCV, Supply Depot  
  94  7:09  SCV x2  
  94  7:10  Refinery x2  
  97  7:21  SCV, Marine  
  97  7:22  Marine x8  
  105  7:25  Medivac x2  
  105  7:27  SCV x2  
  113  7:33  SCV  
  113  7:34  Supply Depot  
  113  7:36  Supply Depot  
  114  7:39  SCV x2, Marine x3  
  119  7:45  SCV  
  119  7:50  Marine x2  
  119  7:51  Terran Infantry Armor Level 2, Marine x4, Terran Infantry Weapons Level 2  
  119  8:03  Marine x3  
  120  8:09  Marine x4  
  120  8:10  Marine x2  
  120  8:11  Siege Tank  
  129  8:14  Supply Depot  
  129  8:15  Supply Depot  
  129  8:22  Marine x3  
  129  8:24  Medivac x2  
  136  8:27  Marine  
  136  8:28  Marine x3  
  136  8:29  Marauder, Marine  
  143  8:40  Marine x3  
  146  8:43  Siege Tank, Supply Depot  
  146  8:44  Supply Depot  
  146  8:45  Marine  
  140  8:55  Marine x2  
  140  8:56  Marauder  
  140  9:01  Marine x5  
  147  9:03  Marine  
  147  9:08  Medivac x2  
  152  9:13  Marine x2  
  154  9:17  Marauder  
  154  9:19  Marine x5  
  154  9:20  Marine  
  162  9:25  Command Center  
  162  9:28  Barracks  
  162  9:30  Barracks  
  162  9:31  Marine x2  
  162  9:34  Siege Tank  
  162  9:36  Marine  
  162  9:37  Marine x2  
  167  9:48  Marauder, Marine x3  
  167  9:49  Marine x2  
  167  9:54  Marine x3  
  163  10:05  Marine x2  
  163  10:06  Siege Tank, Marine  
  163  10:07  Marine x2  
  164  10:09  Marauder  
  164  10:13  Marine x2  
  164  10:14  Marine  
  167  10:15  Terran Infantry Weapons Level 3, Terran Infantry Armor Level 3  
  167  10:16  Terran Ship Weapons Level 1  
  167  10:17  Starport  
  167  10:18  Starport  
  159  10:30  Liberator x2, Barracks Tech Lab x2  
  159  10:31  Marauder  
  158  10:37  Marine  
  158  10:39  Marine x4  
  158  10:40  Planetary Fortress  
  160  10:45  Marine x2  
  160  10:46  Siege Tank  
  171  10:52  Marauder x2, Reaper  
  171  10:53  Concussive Shells  
  171  10:54  Marine  
  171  10:55  Marine  
  171  10:56  Liberator, Starport  
  176  11:09  Marine  
  177  11:12  Marauder, Liberator  
  177  11:13  Liberator  
  177  11:28  Marauder  
  177  11:29  Marauder, Marine x6  
  177  11:30  Marine  
  194  11:36  Supply Depot  
  194  11:40  Liberator x2  
  194  11:46  Marauder  
  196  11:54  Marine  
  196  11:56  Marine x2  
  196  11:57  Marine, Medivac  
  181  12:07  Siege Tank  
  178  12:12  Medivac x2  
  178  12:13  Marauder  
  178  12:14  Marauder, Marine  
  187  12:19  Marauder, Marine x3  
  187  12:20  Marine x3  
  144  12:33  Marine x2  
  144  12:34  Medivac  
  144  12:35  Marauder x2  
  146  12:37  Refinery  
  146  12:39  Refinery  
  146  12:40  Medivac x2  
  146  12:42  Medivac  
  152  12:46  Marauder, Marine x6  
  160  12:52  Marine x2  
  160  12:54  Medivac  
  160  12:56  Marauder  
  160  12:57  Marauder  
  168  13:04  Marine x2, Medivac  
  172  13:06  Terran Ship Weapons Level 2  
  172  13:07  Marauder  
  172  13:10  Marine x3  
  172  13:12  Liberator x2  
  176  13:16  Marine x3  
  176  13:17  Medivac x2  
  176  13:18  Marauder x2  
  187  13:26  Missile Turret  
  187  13:28  Marauder  
  187  13:32  Marine x3  
  198  13:47  Marauder  
  200  13:54  Command Center  
  200  14:00  Liberator  
  200  14:01  Liberator  
  200  14:02  Starport Tech Lab  
  200  14:07  Barracks Tech Lab  
  200  14:21  Liberator x3  
  179  14:32  Marauder x2  
  179  14:34  Marauder, Marine x2  
  187  14:39  Marine x2  
  187  14:40  Marauder  
  187  14:43  Liberator  
  194  14:53  Marauder  
  196  15:04  Marine  
  199  15:07  Marine x2  
  199  15:10  Marauder  
  199  15:12  Liberator x2  
  199  15:13  Liberator x2  
  181  15:14  Marauder, Marine x2  
  163  15:25  Marauder, Marine x2  
  163  15:26  Marauder, Marine  
  166  15:31  Marauder  
  180  15:39  Marine  
  180  15:40  Marauder  
  180  15:42  Liberator  
  183  15:46  Marine x3  
  183  15:47  Marauder x2, Command Center  
  183  15:49  Marine x2  
  190  15:52  Marauder  
  194  16:01  Marauder  
  199  16:06  Marine  
  199  16:40  Marine  
  200  16:52  Command Center  
  192  17:23  Marauder x2, Marine x2  
  192  17:24  Marauder  
  200  17:30  Terran Ship Weapons Level 3  
  200  17:35  Fusion Core  
  196  17:53  Marine x2  
  196  17:54  Marauder x2  
  197  18:04  Marauder x2, Marine  
  183  18:30  Marauder x3, Marine x2  
  183  18:31  Marauder, Marine x4  
  189  18:34  Liberator x3  
  189  18:35  Liberator  
  189  18:38  Planetary Fortress  
  108  18:48  Marine x3  
  108  18:49  Marine x3  
  108  18:51  Marauder x3  
  108  18:52  Marauder  
  129  19:06  Marine x4  
  129  19:07  Marine  
  134  19:11  Marine  
  134  19:13  Marauder x3  
  134  19:14  Marauder  
  143  19:17  Liberator x2  
  143  19:18  Liberator  
  143  19:24  Marine x5  
  148  19:34  Marauder x3  
  148  19:35  Marauder  
  148  19:36  Marine  
  166  19:42  Marine  
  166  19:44  Marine x2  
  169  19:49  Sensor Tower  
  169  19:52  Missile Turret  
  169  19:55  Marauder  
  169  19:56  Marauder x2  
  175  20:03  Marauder  
  175  20:05  Marine x4  
  141  20:17  Marauder x2  
  127  20:22  Marauder  
  127  20:23  Marine x3  
  127  20:24  Marauder  
  98  20:38  Marauder  
  98  20:49  Planetary Fortress  
  177  20:57  Liberator x2, Advanced Ballistics  
  103  21:24  Liberator  
  103  21:30  Marauder  
  105  21:39  Marauder x3, Marine x6  
  110  21:43  Missile Turret  
  110  21:46  Missile Turret  
  113  21:52  Orbital Command  
  113  22:01  Medivac x2  
  117  22:09  Fusion Core  
  117  22:12  Ghost Academy  
  117  22:26  Marauder x3  
  117  22:27  Marauder  
  125  22:48  Marauder x2  
  122  23:01  Marine x2  
  122  23:02  Marauder, Marine x2  
  125  23:09  Marauder  
  122  23:25  Barracks Tech Lab  
  122  23:26  Barracks Tech Lab  
  122  23:30  Medivac x2  
  126  23:38  Ghost x2  
  130  23:44  Barracks x2  
  130  24:01  Ghost x2  
  134  24:05  Marine x4  
  134  24:06  Ghost  
  137  24:17  Ghost  
  137  24:22  Refinery  
  137  24:23  Marine x3  
  137  24:24  Marine  
  143  24:29  Ghost  
  143  24:30  Ghost  
  147  24:33  Barracks Tech Lab x2  
  147  24:35  Ghost  
  149  24:45  Ghost  
  151  24:53  Ghost Academy  
  151  24:55  Liberator  
  154  25:23  Ghost  
  156  25:42  Engineering Bay  
  156  25:49  Orbital Command  
  162  25:50  Marine x5  
  162  25:54  Supply Depot x2  
  156  27:12  Missile Turret  
  143  27:52  Supply Depot x2  
  143  27:53  Supply Depot x3  
  143  27:54  Supply Depot  
  143  27:55  Supply Depot  
  143  28:02  Sensor Tower  
Tags
 
Add a new tag
Caveats
  • Supply blocks, unpowered buildings, or Contaminate may cause inaccurate times.
  • Supply counts are checked every 10 seconds.